 Dungeon Crawl Stone Soup version 0.23.1 (webtiles) character file.

Game seed: 8777666380897939241

1205 azeaze32 the Cleaver (level 8, -8/96 HPs)
             Began as a Hill Orc Berserker on Mar 16, 2019.
             Was a Believer of Trog.
             Mangled by a cyclops (31 damage)
             ... on level 8 of the Dungeon.
             The game lasted 00:10:45 (4778 turns).

azeaze32 the Cleaver (Hill Orc Berserker)           Turns: 4778, Time: 00:10:45

Health: -8/96      AC:  9    Str: 27    XL:     8   Next: 45%
Magic:  8/8        EV:  8    Int:  7    God:    Trog [**....]
Gold:   126        SH:  3    Dex: 10    Spells: 7/7 levels left

rFire    . . .     SeeInvis .   g - +0 war axe (freeze)
rCold    . . .     Gourm    .   k - +0 buckler
rNeg     . . .     Faith    .   h - +0 chain mail
rPois    +         Spirit   .   (no helmet)
rElec    .         Reflect  .   (no cloak)
rCorr    .         Harm     .   l - +0 pair of gloves
MR       +++..                  (no boots)
Stlth    ..........             z - amulet of the acrobat
HPRegen  1.26/turn              A - ring of protection from magic
MPRegen  0.11/turn              v - ring of poison resistance

@: berserking (expiring), regenerating, heavily drained, very quick
A: no striking features
a: Berserk, Trog's Hand, Renounce Religion


You were on level 8 of the Dungeon.
You worshipped Trog.
Trog was pleased with you.
You were near starving.

You visited 1 branch of the dungeon, and saw 6 of its levels.

You collected 236 gold pieces.
You spent 110 gold pieces at shops.

Inventory:

Hand Weapons
 g - a +0 war axe of freezing (weapon)
Armour
 h - a +0 chain mail (worn)
 k - a +0 buckler (worn)
 l - a +0 pair of gloves (worn)
Jewellery
 v - a ring of poison resistance (right hand)
 z - an amulet of the acrobat (around neck)
 A - a ring of protection from magic (left hand)
Wands
 p - a wand of disintegration (12)
 w - a wand of digging (6)
Scrolls
 f - 7 scrolls of identify {unknown}
 q - 3 scrolls of remove curse {unknown}
 r - a scroll of enchant armour {unknown}
 u - a scroll of enchant weapon {unknown}
 y - a scroll of magic mapping {unknown}
 B - a scroll of teleportation {unknown}
 C - 2 scrolls of fog {unknown}
Potions
 d - 2 potions of invisibility {unknown}
 e - a potion of haste {unknown}
 i - a potion of mutation {unknown}
 m - a potion of berserk rage {unknown}
 o - 2 potions of curing
 t - 3 potions of heal wounds
Comestibles
 c - 9 rations


   Skills:
 - Level 3.6(2.2) Fighting
 + Level 12.3(10.6) Axes
 - Level 2.1(0.9) Armour
 - Level 1.5(0.3) Dodging
 + Level 1.0(0.0) Stealth
 + Level 3.1(1.8) Shields


You had 7 spell levels left.
You didn't know any spells.
Your spell library was empty.

Dungeon Overview and Level Annotations

Branches:
Dungeon (5/15)
 Temple: D:4-7

Altars:
Cheibriados
Hepliaklqana
Kikubaaqudgha
Qazlal
Sif Muna
Uskayaw
Wu Jian
Yredelemnul

Shops:
D:5 (!(%


Message History

A cyclops is nearby!
The cyclops throws a large rock.
The large rock misses you.
The cyclops throws a large rock.
The large rock hits you!!
You see here a large rock.
Your skin crawls.
You feel resistant to hostile enchantments.
You feel somewhat more hungry.
A red film seems to cover your vision as you go berserk!
You feel yourself moving faster!
You feel mighty!
You are near starving!
The cyclops throws a large rock.
The large rock hits you!!
You are too injured to fight recklessly!
You feel a strong urge to attack something.
The cyclops hits you!
* * * LOW HITPOINT WARNING * * *
Your chain mail prevents you from hitting the cyclops.
You slash the cyclops! You freeze the cyclops.
The cyclops is lightly wounded.
The cyclops hits you!!
You die...

##.####..........########
#... ...#####............
#..# #.....##....########
#..###...#..#.#.##
#<......###.....#
#.####...#..#.#.# #.#
#.....##.#.#
#.####..#####.#.#
#.(...(.@C....#.#
###############.# #.# .#


You could see a cyclops.

Vanquished Creatures
  2 phantoms
  An ogre (D:4)
  3 centaurs
  2 bullfrogs
  A scorpion (D:4)
  A howler monkey (D:4)
  2 hounds (D:5)
  An orc priest (D:4)
  An orc wizard (D:5)
  A bullfrog skeleton (D:5)
  2 iguanas
  Terence (D:2)
  2 worker ants (D:4)
  4 gnolls (D:5)
  8 adders
  An ooze (D:2)
  An adder skeleton (D:5)
  A worm (D:4)
  11 dart slugs
  10 orcs
  8 giant cockroaches
  7 hobgoblins
  6 jackals
  3 quokkas
  4 bats
  5 frilled lizards
  9 goblins
  9 kobolds
  6 rats
113 creatures vanquished.

Notes
Turn   | Place    | Note
-------+----------+-------------------------------------------
     0 | D:1      | azeaze32 the Hill Orc Berserker began the quest for the
                  | Orb.
     0 | D:1      | Reached XP level 1. HP: 19/19 MP: 1/1
   451 | D:1      | Reached XP level 2. HP: 26/26 MP: 2/2
   496 | D:1      | Reached skill level 5 in Axes
   802 | D:2      | Found a basalt altar of Yredelemnul.
   823 | D:2      | Reached XP level 3. HP: 21/31 MP: 3/3
   882 | D:2      | Reached ** piety under Trog
  1017 | D:2      | Found a deep blue altar of Sif Muna.
  1116 | D:2      | Reached skill level 6 in Axes
  1122 | D:2      | Reached XP level 4. HP: 18/39 MP: 4/4
  1615 | D:2      | Noticed Terence
  1643 | D:2      | Killed Terence
  1771 | D:3      | Reached skill level 7 in Axes
  2159 | D:3      | Reached XP level 5. HP: 40/45 MP: 5/5
  2435 | D:3      | Found a hide-covered altar of Uskayaw.
  2477 | D:3      | Found a faded altar of an unknown god.
  2582 | D:3      | Found an ornate altar of the Wu Jian Council.
  2582 | D:3      | Found a snail-covered altar of Cheibriados.
  2582 | D:3      | Noticed a phantom
  2583 | D:3      | Found a hazy altar of Hepliaklqana.
  2583 | D:3      | Found a stormy altar of Qazlal.
  2628 | D:3      | Killed a phantom
  2628 | D:3      | Reached skill level 8 in Axes
  2628 | D:3      | Reached skill level 1 in Shields
  2628 | D:3      | Reached XP level 6. HP: 18/51 MP: 6/6
  3194 | D:4      | Reached skill level 9 in Axes
  3474 | D:4      | Reached XP level 7. HP: 44/57 MP: 7/7
  3581 | D:4      | Reached skill level 10 in Axes
  3892 | D:5      | Entered Level 5 of the Dungeon
  3904 | D:5      | Found Miett's Distillery.
  3919 | D:5      | Bought a potion of heal wounds for 55 gold pieces
  3919 | D:5      | Bought a potion of heal wounds for 55 gold pieces
  3944 | D:5      | Reached skill level 11 in Axes
  4005 | D:5      | Reached XP level 8. HP: 64/64 MP: 8/8
  4009 | D:5      | Reached skill level 1 in Stealth
  4097 | D:5      | Found Niorph's Food Shop.
  4356 | D:5      | Reached skill level 12 in Axes
  4398 | D:5      | Found Zicyhoos's Antique Weapon Emporium.
  4467 | D:5      | Found an ancient bone altar of Kikubaaqudgha.
  4488 | D:5      | Found Faarah's Weapon Shop.
  4682 | D:5      | You fall through a shaft for 3 floors!
  4769 | D:8      | Noticed a cyclops
  4778 | D:8      | Mangled by a cyclops

Skill      XL: |  1  2  3  4  5  6  7  8 |
---------------+-------------------------+-----
Axes           | 5 6 7 8 9 11 12 | 12.3
Shields        | 1 3 |  3.1
Stealth        | 1 |  1.0
Fighting       | |  3.6
Armour         | |  2.1
Dodging        | |  1.5

Action                   |  1- 3 |  4- 6 |  7- 9 || total
-------------------------+-------+-------+-------++-------
Melee: Hand axe          |    87 |   199 |    60 ||   346
       War axe           |       |       |    96 ||    96
Invok: Berserk           |     1 |     3 |     4 ||     8
       Trog's Hand       |       |     5 |     7 ||    12
  Use: Potion            |       |     1 |     1 ||     2
  Eat: Chunk             |     1 |     7 |     8 ||    16
       Ration            |       |     2 |       ||     2
Armor: Animal skin       |    10 |       |       ||    10
       Chain mail        |    13 |    69 |    72 ||   154
Dodge: Dodged            |    42 |    59 |    38 ||   139
Block: Buckler           |     1 |    21 |    23 ||    45
